Minnesota North Stars vs Anaheim Ducks
Created - Monday, April 15, 2024 at 08:00
Goals
|
| Minnesota North Stars |
1 |
0 |
0 |
1 |
| Anaheim Ducks |
0 |
1 |
1 |
2 |
|
Shots
|
| Minnesota North Stars |
11 |
11 |
14 |
36 |
| Anaheim Ducks |
14 |
10 |
9 |
33 |
|
1st period
1. Minnesota North Stars , Jack Hughes 19 (Viktor Arvidsson 16) at 9:54
Penalties :
Josh Manson (ANA) for Fighting (Major) at 1:40, Frank Vatrano (MNS) for Fighting (Major) at 1:40
2nd period
2. Anaheim Ducks , Alex Killorn 15 (Josh Manson 9, Teuvo Teravainen 13) at 12:24
Penalties :
Morgan Rielly (ANA) for Cross-checking (Minor) at 15:08, Frank Vatrano (MNS) for Holding (Minor) at 19:34
3rd period
3. Anaheim Ducks , Mark Scheifele 29 (William Nylander 41, John Tavares 39) at 10:54 (PP)
Penalties :
Brandon Montour (MNS) for Holding (Minor) at 10:15, Brandon Montour (MNS) for Roughing (Minor) at 17:25
Goalie Stats
Stuart Skinner (MNS), 31 saves from 33 shots - (0.939), L, 15-8-3, 59:29 minutes
James Reimer (ANA), 35 saves from 36 shots - (0.972), W, 6-5-4, 60:00 minutes
Players Stats for Minnesota North Stars
Player Name G A P +/- PIM S H SB GA TA FO MP PP MP PK MP
------------------------------------------------------------------------------------
Adam Lowry 0 0 0 -1 0 3 0 0 0 1 3/6 11:25 0:00 2:20
Brandon Montour 0 0 0 0 4 2 1 2 0 1 0/0 19:52 1:00 0:00
Brock Nelson 0 0 0 0 0 2 2 1 0 0 0/1 15:26 1:08 0:00
Derick Brassard 0 0 0 -1 0 0 2 0 0 0 0/0 7:33 0:00 0:00
Evan Rodrigues 0 0 0 1 0 2 0 0 1 0 0/0 14:58 0:00 0:00
Evgeni Malkin 0 0 0 0 0 4 1 0 2 0 11/17 15:28 0:00 0:00
Frank Vatrano 0 0 0 0 7 3 1 0 1 0 1/1 15:34 0:51 0:00
Gustav Forsling 0 0 0 1 0 0 0 4 0 1 0/0 20:03 1:00 2:03
Jack Hughes 1 0 1 1 0 4 2 0 0 0 1/7 16:06 1:08 0:00
Jamie Oleksiak 0 0 0 -1 0 2 2 2 0 0 0/0 21:14 0:00 2:34
Jeff Skinner 0 0 0 0 0 1 0 0 1 0 0/1 15:26 1:08 0:00
Jonathan Toews 0 0 0 -1 0 2 0 0 1 0 0/2 10:56 0:00 2:17
Neal Pionk 0 0 0 0 0 0 1 1 1 1 0/0 19:56 0:00 2:34
Rasmus Dahlin 0 0 0 -1 0 3 0 0 0 1 0/0 20:13 0:59 2:03
Ryan Nugent-Hopkins 0 0 0 0 0 5 2 1 0 0 8/22 18:32 0:51 2:17
Sean Durzi 0 0 0 1 0 1 1 2 1 0 0/0 18:41 0:59 0:00
Viktor Arvidsson 0 1 1 1 0 1 0 0 1 0 0/0 15:16 0:00 0:00
Zach Parise 0 0 0 0 0 1 1 0 0 0 2/3 18:40 0:51 2:20
Players Stats for Anaheim Ducks
Player Name G A P +/- PIM S H SB GA TA FO MP PP MP PK MP
------------------------------------------------------------------------------------
Alex Killorn 1 0 1 0 0 1 3 0 1 1 0/1 16:57 1:57 1:03
Brayden Schenn 0 0 0 0 0 1 0 0 1 0 1/1 14:42 0:00 0:18
Brenden Dillon 0 0 0 0 0 0 0 0 0 2 0/0 16:58 0:00 0:53
Calle Jarnkrok 0 0 0 0 0 1 0 0 0 0 0/0 8:48 0:00 0:00
Chandler Stephenson 0 0 0 0 0 3 3 0 0 0 5/13 16:57 1:57 1:03
Esa Lindell 0 0 0 -1 0 1 3 1 0 1 0/0 22:39 1:19 1:06
Ivan Provorov 0 0 0 1 0 2 1 6 0 1 0/0 20:37 0:25 1:06
J.T. Compher 0 0 0 0 0 3 1 0 0 0 2/4 14:53 0:00 0:38
John Tavares 0 1 1 0 0 3 0 0 0 0 21/33 18:55 2:40 0:00
Josh Manson 0 1 1 0 5 3 4 1 0 1 0/0 15:48 1:19 0:53
Joshua Morrissey 0 0 0 -1 0 0 1 0 0 0 0/0 21:39 2:53 0:00
Mark Scheifele 1 0 1 0 0 1 2 0 0 0 1/3 18:55 2:40 0:00
Mason Marchment 0 0 0 0 0 0 2 1 0 1 0/0 8:48 0:00 0:00
Max Domi 0 0 0 0 0 2 0 1 1 1 1/1 14:42 0:00 0:18
Morgan Rielly 0 0 0 1 2 2 3 1 0 1 0/0 22:26 3:18 0:00
Nazem Kadri 0 0 0 0 0 2 1 1 0 0 3/4 8:48 0:00 0:00
Teuvo Teravainen 0 1 1 0 0 3 1 0 1 0 0/0 16:32 1:57 0:38
William Nylander 0 1 1 0 0 5 1 0 1 0 0/0 18:55 2:40 0:00
3 Stars
1 - James Reimer (ANA)
2 - Alex Killorn (ANA)
3 - Jack Hughes (MNS)
Power Play
Minnesota North Stars - 0 on 1 Attempt(s) - 0.00%
Anaheim Ducks - 1 on 3 Attempt(s) - 33.33%
Penalty Kill
Minnesota North Stars - 2 on 3 Attempt(s) - 66.67%
- Score 0 goal in Penalty Kill
Anaheim Ducks - 1 on 1 Attempt(s) - 100.00%
- Score 0 goal in Penalty Kill
Team Stat
Minnesota North Stars - Hits : 16 - Faceoff Wins : 26 - Blocked Shots : 13 - Penalty Minutes : 11
Anaheim Ducks - Hits : 26 - Faceoff Wins : 34 - Blocked Shots : 12 - Penalty Minutes : 7
Official
Referees : Graham Skiliter and Garrett Rank
Linesman : Kiel Murchison and Scott Cherrey
Game Notes
Frank Vatrano beats up Josh Manson at 1:40 of 1st period
Finance
Level 1 -- Attendance: 4574 (76.23%) -- Ticket Income $457,400
Level 2 -- Attendance: 3573 (71.46%) -- Ticket Income $214,380
Level 3 -- Attendance: 1980 (66.00%) -- Ticket Income $91,080
Level 4 -- Attendance: 3821 (76.42%) -- Ticket Income $95,525
Luxury Box -- Attendance: 727 (72.70%) -- Ticket Income $145,400
Game was played at the Honda Center.
Total Attendance: 14675 (73.38%)
Total Ticket Income: $1,003,785
Other Income: $351,325
Total Income: $1,355,110
Minnesota North Stars
5 vs 5 Forward
Center Left Wing Right Wing Time % Phy DF OF
1 Ryan Nugent-Hopkins Brock Nelson Jeff Skinner 29 1 2 2
2 Evgeni Malkin Frank Vatrano Zach Parise 29 1 1 3
3 Jack Hughes Evan Rodrigues Viktor Arvidsson 29 1 1 3
4 Adam Lowry Derick Brassard Jonathan Toews 13 1 2 2
5 vs 5 Defense
Defense Defense Time % Phy DF OF
1 Rasmus Dahlin Jamie Oleksiak 34 1 2 2
2 Brandon Montour Neal Pionk 33 1 2 2
3 Gustav Forsling Sean Durzi 33 1 2 2
4 Jamie Oleksiak Brandon Montour 0 1 2 2
PowerPlay Forward
Center Left Wing Right Wing Time % Phy DF OF
1 Ryan Nugent-Hopkins Frank Vatrano Zach Parise 50 1 1 3
2 Jack Hughes Brock Nelson Jeff Skinner 50 1 1 3
PowerPlay Defense
Defense Defense Time % Phy DF OF
1 Rasmus Dahlin Sean Durzi 50 1 2 2
2 Brandon Montour Gustav Forsling 50 1 2 2
Penalty Kill 4 Players Forward
Center Wing Time % Phy DF OF
1 Jonathan Toews Ryan Nugent-Hopkins 50 1 3 1
2 Adam Lowry Zach Parise 50 2 2 1
Penalty Kill 4 Players Defense
Defense Defense Time % Phy DF OF
1 Jamie Oleksiak Neal Pionk 50 1 3 1
2 Rasmus Dahlin Gustav Forsling 50 1 3 1
Penalty Kill - 3 Players Forward
Forward Time % Phy DF OF
1 Ryan Nugent-Hopkins 50 1 3 1
2 Jonathan Toews 50 1 3 1
Penalty Kill - 3 Players Defense
Defense Defense Time % Phy DF OF
1 Jamie Oleksiak Neal Pionk 50 1 3 1
2 Rasmus Dahlin Gustav Forsling 50 1 3 1
4 vs 4 Forward
Center Wing Time % Phy DF OF
1 Ryan Nugent-Hopkins Frank Vatrano 50 1 2 2
2 Jack Hughes Jeff Skinner 50 1 2 2
4 vs 4 Defense
Defense Defense Time % Phy DF OF
1 Rasmus Dahlin Jamie Oleksiak 50 1 3 1
2 Brandon Montour Neal Pionk 50 1 3 1
Last Minutes Offensive
Center Left Wing Right Wing Defense Defense
Ryan Nugent-Hopkins Brock Nelson Jeff Skinner Neal Pionk Brandon Montour
Last Minutes Defensive
Center Left Wing Right Wing Defense Defense
Jonathan Toews Ryan Nugent-Hopkins Adam Lowry Neal Pionk Brandon Montour
Goaltenders
Starting : Stuart Skinner
Backup : Antti Raanta
Extra Forwards
Normal : Adam Lowry, Viktor Arvidsson, Jonathan Toews - PP : Adam Lowry, Viktor Arvidsson - PK : Jonathan Toews
Extra Defensemen
Normal : Neal Pionk, Sean Durzi, Jamie Oleksiak - PP : Rasmus Dahlin - PK : Sean Durzi, Jamie Oleksiak
Penalty Shots
Ryan Nugent-Hopkins, Evgeni Malkin, Brock Nelson, Jeff Skinner, Viktor Arvidsson
Anaheim Ducks
5 vs 5 Forward
Center Left Wing Right Wing Time % Phy DF OF
1 John Tavares William Nylander Mark Scheifele 40 1 2 2
2 Chandler Stephenson Teuvo Teravainen Alex Killorn 30 1 2 2
3 J.T. Compher Max Domi Brayden Schenn 20 1 2 2
4 Nazem Kadri Calle Jarnkrok Mason Marchment 10 1 2 2
5 vs 5 Defense
Defense Defense Time % Phy DF OF
1 Esa Lindell Joshua Morrissey 35 1 2 2
2 Ivan Provorov Morgan Rielly 35 1 2 2
3 Brenden Dillon Josh Manson 30 1 2 2
4 Morgan Rielly Esa Lindell 0 1 2 2
PowerPlay Forward
Center Left Wing Right Wing Time % Phy DF OF
1 John Tavares William Nylander Mark Scheifele 60 1 1 3
2 Chandler Stephenson Teuvo Teravainen Alex Killorn 40 0 1 4
PowerPlay Defense
Defense Defense Time % Phy DF OF
1 Joshua Morrissey Morgan Rielly 60 1 2 2
2 Josh Manson Esa Lindell 40 1 2 2
Penalty Kill 4 Players Forward
Center Wing Time % Phy DF OF
1 Chandler Stephenson Alex Killorn 55 1 3 1
2 J.T. Compher Teuvo Teravainen 45 1 3 1
Penalty Kill 4 Players Defense
Defense Defense Time % Phy DF OF
1 Esa Lindell Ivan Provorov 50 1 3 1
2 Brenden Dillon Josh Manson 50 1 3 1
Penalty Kill - 3 Players Forward
Forward Time % Phy DF OF
1 Alex Killorn 50 1 3 1
2 Chandler Stephenson 50 1 3 1
Penalty Kill - 3 Players Defense
Defense Defense Time % Phy DF OF
1 Esa Lindell Ivan Provorov 50 1 3 1
2 Josh Manson Brenden Dillon 50 1 3 1
4 vs 4 Forward
Center Wing Time % Phy DF OF
1 John Tavares William Nylander 60 1 2 2
2 Chandler Stephenson Mark Scheifele 40 1 2 2
4 vs 4 Defense
Defense Defense Time % Phy DF OF
1 Esa Lindell Morgan Rielly 50 1 2 2
2 Ivan Provorov Brenden Dillon 50 1 2 2
Last Minutes Offensive
Center Left Wing Right Wing Defense Defense
John Tavares William Nylander Mark Scheifele Joshua Morrissey Morgan Rielly
Last Minutes Defensive
Center Left Wing Right Wing Defense Defense
Chandler Stephenson Alex Killorn J.T. Compher Ivan Provorov Esa Lindell
Goaltenders
Starting : James Reimer
Backup : Linus Ullmark
Extra Forwards
Normal : William Nylander, John Tavares, Mark Scheifele - PP : William Nylander, John Tavares - PK : Alex Killorn
Extra Defensemen
Normal : Esa Lindell, Morgan Rielly, Joshua Morrissey - PP : Morgan Rielly - PK : Esa Lindell, Ivan Provorov
Penalty Shots
Brenden Dillon, Teuvo Teravainen, Mark Scheifele, Calle Jarnkrok, Alex Killorn
% Time on Ice - Minnesota North Stars
Lines # - Real PCT - Wanted PCT - Time Play
Normal Forward
1 - 28% - 29% - 14:50
2 - 29% - 29% - 15:29
3 - 28% - 29% - 14:58
4 - 14% - 13% - 7:33
Normal Defense
1 - 33% - 34% - 17:31
2 - 32% - 33% - 17:02
3 - 32% - 33% - 16:59
4 - 2% - 0% - 1:18
PP Forward
1 - 43% - 50% - 0:51
2 - 57% - 50% - 1:08
PP Defense
1 - 50% - 50% - 0:59
2 - 50% - 50% - 1:00
PK Forward
1 - 49% - 50% - 2:17
2 - 51% - 50% - 2:20
PK Defense
1 - 56% - 50% - 2:34
2 - 44% - 50% - 2:03
PK3 Forward
1 - 0% - 50%
2 - 0% - 50%
PK3 Defense
1 - 0% - 50%
2 - 0% - 50%
44 Forward
1 - 0% - 50%
2 - 0% - 50%
44 Defense
1 - 0% - 50%
2 - 0% - 50%
Last Minute Offensive - 0:34
Last Minute Defensive - 0:00
Total
Forward - 60:00
Defense - 60:00
|
% Time on Ice - Anaheim Ducks
Lines # - Real PCT - Wanted PCT - Time Play
Normal Forward
1 - 31% - 40% - 16:24
2 - 26% - 30% - 13:57
3 - 26% - 20% - 13:42
4 - 17% - 10% - 8:48
Normal Defense
1 - 35% - 35% - 18:20
2 - 35% - 35% - 18:35
3 - 30% - 30% - 15:56
4 - 0% - 0% - 0:00
PP Forward
1 - 58% - 60% - 2:40
2 - 42% - 40% - 1:57
PP Defense
1 - 71% - 60% - 3:18
2 - 29% - 40% - 1:19
PK Forward
1 - 68% - 55% - 1:21
2 - 32% - 45% - 0:38
PK Defense
1 - 55% - 50% - 1:06
2 - 45% - 50% - 0:53
PK3 Forward
1 - 0% - 50%
2 - 0% - 50%
PK3 Defense
1 - 0% - 50%
2 - 0% - 50%
44 Forward
1 - 0% - 60%
2 - 0% - 40%
44 Defense
1 - 0% - 50%
2 - 0% - 50%
Last Minute Offensive - 0:00
Last Minute Defensive - 0:33
Total
Forward - 60:00
Defense - 60:00
|
Play-by-Play
1st period
0:01 of 1st period - John Tavares wins face-off versus Ryan Nugent-Hopkins in neutral zone.
0:16 of 1st period - Wrist shot by Brock Nelson.
0:16 of 1st period - Stopped by James Reimer with a rebound.
0:35 of 1st period - Slapshot by Evgeni Malkin.
0:35 of 1st period - Shot Misses the Net.
0:58 of 1st period - Brandon Montour is hit by J.T. Compher and loses puck.
1:09 of 1st period - Jack Hughes is hit by Mason Marchment.
1:21 of 1st period - Wrist shot by Viktor Arvidsson.
1:21 of 1st period - Shot Blocked by Morgan Rielly.
1:35 of 1st period - Slapshot by William Nylander.
1:35 of 1st period - Deflect By John Tavares.
1:35 of 1st period - Shot Blocked by Brock Nelson.
1:35 of 1st period - Puck is out of play.
1:36 of 1st period - John Tavares wins face-off versus Evgeni Malkin in Minnesota North Stars zone.
1:37 of 1st period - Snap shot by William Nylander.
1:37 of 1st period - Shot Misses the Net.
1:39 of 1st period - Slapshot by Josh Manson.
1:39 of 1st period - Stopped by Stuart Skinner without a rebound.
1:40 of 1st period - Chandler Stephenson wins face-off versus Evgeni Malkin in Minnesota North Stars zone.
1:40 of 1st period - Frank Vatrano beats up Josh Manson.
1:40 of 1st period - Penalty to Josh Manson for Fighting.
1:40 of 1st period - Penalty to Frank Vatrano for Fighting.
1:41 of 1st period - Chandler Stephenson wins face-off versus Evgeni Malkin in Minnesota North Stars zone.
1:52 of 1st period - Snap shot by Evgeni Malkin.
1:52 of 1st period - Shot Blocked by Esa Lindell.
3:51 of 1st period - Wrist shot by Mark Scheifele.
3:51 of 1st period - Shot Blocked by Sean Durzi.
4:04 of 1st period - Icing by Brayden Schenn.
4:05 of 1st period - Evgeni Malkin wins face-off versus Nazem Kadri in Anaheim Ducks zone.
4:10 of 1st period - Snap shot by Evgeni Malkin.
4:10 of 1st period - Stopped by James Reimer with a rebound.
4:12 of 1st period - Backhand shot by Rasmus Dahlin.
4:12 of 1st period - Shot Blocked by Ivan Provorov.
4:14 of 1st period - Slapshot by Rasmus Dahlin.
4:14 of 1st period - Stopped by James Reimer with a rebound.
4:16 of 1st period - Snap shot by Jamie Oleksiak.
4:16 of 1st period - Deflect By Evgeni Malkin.
4:16 of 1st period - Stopped by James Reimer without a rebound.
4:17 of 1st period - John Tavares wins face-off versus Jack Hughes in Anaheim Ducks zone.
4:34 of 1st period - Snap shot by William Nylander.
4:34 of 1st period - Stopped by Stuart Skinner without a rebound.
4:35 of 1st period - Ryan Nugent-Hopkins wins face-off versus Chandler Stephenson in Minnesota North Stars zone.
5:02 of 1st period - Alex Killorn is hit by Sean Durzi and loses puck.
5:19 of 1st period - Wrist shot by Teuvo Teravainen.
5:19 of 1st period - Stopped by Stuart Skinner with a rebound.
5:53 of 1st period - Brenden Dillon is hit by Jack Hughes and loses puck.
6:02 of 1st period - Gustav Forsling is hit by Alex Killorn and loses puck.
6:36 of 1st period - Snap shot by Chandler Stephenson.
6:36 of 1st period - Stopped by Stuart Skinner with a rebound.
6:38 of 1st period - Snap shot by Teuvo Teravainen.
6:38 of 1st period - Stopped by Stuart Skinner without a rebound.
6:39 of 1st period - Evgeni Malkin wins face-off versus John Tavares in Minnesota North Stars zone.
6:39 of 1st period - Evgeni Malkin is hit by Ivan Provorov.
6:47 of 1st period - Slapshot by Rasmus Dahlin.
6:47 of 1st period - Stopped by James Reimer with a rebound.
6:49 of 1st period - Snap shot by Jamie Oleksiak.
6:49 of 1st period - Stopped by James Reimer without a rebound.
6:50 of 1st period - John Tavares wins face-off versus Ryan Nugent-Hopkins in Anaheim Ducks zone.
6:55 of 1st period - Wrist shot by Mark Scheifele.
6:55 of 1st period - Shot Misses the Net.
6:57 of 1st period - Snap shot by Esa Lindell.
6:57 of 1st period - Shot Misses the Net.
6:59 of 1st period - Wrist shot by John Tavares.
6:59 of 1st period - Stopped by Stuart Skinner without a rebound.
7:00 of 1st period - John Tavares wins face-off versus Ryan Nugent-Hopkins in Minnesota North Stars zone.
7:01 of 1st period - Slapshot by William Nylander.
7:01 of 1st period - Stopped by Stuart Skinner without a rebound.
7:02 of 1st period - Evgeni Malkin wins face-off versus John Tavares in Minnesota North Stars zone.
7:35 of 1st period - Snap shot by J.T. Compher.
7:35 of 1st period - Stopped by Stuart Skinner with a rebound.
7:37 of 1st period - Snap shot by Max Domi.
7:37 of 1st period - Shot Blocked by Neal Pionk.
7:39 of 1st period - Snap shot by Brayden Schenn.
7:39 of 1st period - Shot Blocked by Ryan Nugent-Hopkins.
8:45 of 1st period - Snap shot by Jeff Skinner.
8:45 of 1st period - Shot Misses the Net.
9:09 of 1st period - Snap shot by Brayden Schenn.
9:09 of 1st period - Shot Misses the Net.
9:54 of 1st period - Snap shot by Jack Hughes.
9:54 of 1st period - Goal by Jack Hughes - Minnesota North Stars : 1 - Anaheim Ducks : 0.
9:55 of 1st period - John Tavares wins face-off versus Ryan Nugent-Hopkins in neutral zone.
10:02 of 1st period - Slapshot by John Tavares.
10:02 of 1st period - Deflect By Mark Scheifele.
10:02 of 1st period - Shot Misses the Net.
10:02 of 1st period - Puck is out of play.
10:03 of 1st period - Ryan Nugent-Hopkins wins face-off versus John Tavares in Minnesota North Stars zone.
11:32 of 1st period - Slapshot by John Tavares.
11:32 of 1st period - Stopped by Stuart Skinner without a rebound.
11:33 of 1st period - Evgeni Malkin wins face-off versus Alex Killorn in Minnesota North Stars zone.
12:26 of 1st period - Snap shot by Jack Hughes.
12:26 of 1st period - Stopped by James Reimer with a rebound.
12:42 of 1st period - Backhand shot by Max Domi.
12:42 of 1st period - Stopped by Stuart Skinner without a rebound.
12:43 of 1st period - Frank Vatrano wins face-off versus Chandler Stephenson in Minnesota North Stars zone.
12:59 of 1st period - Snap shot by Chandler Stephenson.
12:59 of 1st period - Shot Misses the Net.
13:09 of 1st period - Nazem Kadri is hit by Derick Brassard and loses puck.
13:16 of 1st period - Slapshot by Brenden Dillon.
13:16 of 1st period - Shot Hit the Post.
13:22 of 1st period - Esa Lindell is hit by Derick Brassard and loses puck.
13:40 of 1st period - Wrist shot by Jack Hughes.
13:40 of 1st period - Stopped by James Reimer with a rebound.
13:54 of 1st period - Brenden Dillon is hit by Evgeni Malkin and loses puck.
14:15 of 1st period - Brock Nelson is hit by Alex Killorn and loses puck.
14:38 of 1st period - Derick Brassard is hit by Morgan Rielly and loses puck.
14:53 of 1st period - Esa Lindell is hit by Jack Hughes and loses puck.
14:58 of 1st period - Wrist shot by Viktor Arvidsson.
14:58 of 1st period - Stopped by James Reimer with a rebound.
16:20 of 1st period - Rasmus Dahlin is hit by Chandler Stephenson and loses puck.
16:45 of 1st period - Wrist shot by Evgeni Malkin.
16:45 of 1st period - Stopped by James Reimer without a rebound.
16:46 of 1st period - Evgeni Malkin wins face-off versus John Tavares in Anaheim Ducks zone.
16:57 of 1st period - Neal Pionk is hit by Mark Scheifele and loses puck.
17:14 of 1st period - Snap shot by Evgeni Malkin.
17:14 of 1st period - Deflect By Frank Vatrano.
17:14 of 1st period - Shot Blocked by Josh Manson.
17:14 of 1st period - Puck is out of play.
17:15 of 1st period - Chandler Stephenson wins face-off versus Ryan Nugent-Hopkins in Anaheim Ducks zone.
17:15 of 1st period - Chandler Stephenson is hit by Brock Nelson.
17:21 of 1st period - Snap shot by Chandler Stephenson.
17:21 of 1st period - Stopped by Stuart Skinner with a rebound.
17:43 of 1st period - Wrist shot by Max Domi.
17:43 of 1st period - Shot Blocked by Gustav Forsling.
17:45 of 1st period - Slapshot by J.T. Compher.
17:45 of 1st period - Stopped by Stuart Skinner with a rebound.
17:47 of 1st period - Snap shot by J.T. Compher.
17:47 of 1st period - Stopped by Stuart Skinner with a rebound.
18:21 of 1st period - Snap shot by Jonathan Toews.
18:21 of 1st period - Shot Misses the Net.
18:53 of 1st period - Ryan Nugent-Hopkins is hit by Chandler Stephenson and loses puck.
19:37 of 1st period - Icing by Evan Rodrigues.
19:38 of 1st period - Nazem Kadri wins face-off versus Jack Hughes in Minnesota North Stars zone.
19:41 of 1st period - Wrist shot by Calle Jarnkrok.
19:41 of 1st period - Stopped by Stuart Skinner with a rebound.
Goals for this period are 1 for Minnesota North Stars vs 0 for Anaheim Ducks.
Shots for this period are 11 for Minnesota North Stars vs 14 for Anaheim Ducks.
2nd period
0:01 of 2nd period - Evgeni Malkin wins face-off versus John Tavares in neutral zone.
0:08 of 2nd period - Snap shot by Evgeni Malkin.
0:08 of 2nd period - Shot Misses the Net.
0:10 of 2nd period - Wrist shot by Frank Vatrano.
0:10 of 2nd period - Shot Misses the Net.
0:12 of 2nd period - Wrist shot by Zach Parise.
0:12 of 2nd period - Shot Blocked by Ivan Provorov.
0:14 of 2nd period - Snap shot by Zach Parise.
0:14 of 2nd period - Stopped by James Reimer without a rebound.
0:15 of 2nd period - John Tavares wins face-off versus Ryan Nugent-Hopkins in Anaheim Ducks zone.
0:42 of 2nd period - Rasmus Dahlin is hit by Morgan Rielly and loses puck.
1:06 of 2nd period - Icing by Esa Lindell.
1:07 of 2nd period - J.T. Compher wins face-off versus Jack Hughes in Anaheim Ducks zone.
1:14 of 2nd period - Snap shot by Brayden Schenn.
1:14 of 2nd period - Shot Misses the Net.
1:16 of 2nd period - Snap shot by J.T. Compher.
1:16 of 2nd period - Shot Blocked by Brandon Montour.
1:18 of 2nd period - Snap shot by J.T. Compher.
1:18 of 2nd period - Shot Misses the Net.
1:38 of 2nd period - Snap shot by Jack Hughes.
1:38 of 2nd period - Shot Misses the Net.
3:16 of 2nd period - Snap shot by Max Domi.
3:16 of 2nd period - Stopped by Stuart Skinner with a rebound.
4:50 of 2nd period - Viktor Arvidsson is hit by Joshua Morrissey and loses puck.
4:57 of 2nd period - Snap shot by Brayden Schenn.
4:57 of 2nd period - Stopped by Stuart Skinner with a rebound.
4:59 of 2nd period - Slapshot by Esa Lindell.
4:59 of 2nd period - Stopped by Stuart Skinner without a rebound.
5:00 of 2nd period - Ryan Nugent-Hopkins wins face-off versus John Tavares in Minnesota North Stars zone.
5:27 of 2nd period - Teuvo Teravainen is hit by Jamie Oleksiak.
5:28 of 2nd period - Icing by Teuvo Teravainen.
5:29 of 2nd period - Zach Parise wins face-off versus Chandler Stephenson in Anaheim Ducks zone.
5:55 of 2nd period - Morgan Rielly is hit by Brock Nelson and loses puck.
6:02 of 2nd period - Snap shot by Brock Nelson.
6:02 of 2nd period - Stopped by James Reimer without a rebound.
6:03 of 2nd period - Mark Scheifele wins face-off versus Ryan Nugent-Hopkins in Anaheim Ducks zone.
7:02 of 2nd period - Icing by Jamie Oleksiak.
7:03 of 2nd period - Evgeni Malkin wins face-off versus John Tavares in Minnesota North Stars zone.
7:10 of 2nd period - Snap shot by Evgeni Malkin.
7:10 of 2nd period - Shot Misses the Net.
7:12 of 2nd period - Snap shot by Jamie Oleksiak.
7:12 of 2nd period - Stopped by James Reimer with a rebound.
7:14 of 2nd period - Wrist shot by Zach Parise.
7:14 of 2nd period - Shot Blocked by Ivan Provorov.
7:16 of 2nd period - Wrist shot by Evgeni Malkin.
7:16 of 2nd period - Shot Blocked by Ivan Provorov.
7:18 of 2nd period - Wrist shot by Zach Parise.
7:18 of 2nd period - Deflect By William Nylander.
7:18 of 2nd period - Shot Blocked by Ivan Provorov.
7:18 of 2nd period - Puck is out of play.
7:19 of 2nd period - Ryan Nugent-Hopkins wins face-off versus Chandler Stephenson in Anaheim Ducks zone.
8:23 of 2nd period - Zach Parise is hit by Mason Marchment and loses puck.
9:06 of 2nd period - Slapshot by Adam Lowry.
9:06 of 2nd period - Stopped by James Reimer with a rebound.
9:10 of 2nd period - Wrist shot by Adam Lowry.
9:10 of 2nd period - Stopped by James Reimer with a rebound.
9:44 of 2nd period - Nazem Kadri is hit by Neal Pionk and loses puck.
10:23 of 2nd period - Wrist shot by Nazem Kadri.
10:23 of 2nd period - Stopped by Stuart Skinner without a rebound.
10:24 of 2nd period - Adam Lowry wins face-off versus John Tavares in Minnesota North Stars zone.
10:31 of 2nd period - Snap shot by William Nylander.
10:31 of 2nd period - Shot Misses the Net.
10:33 of 2nd period - Wrist shot by John Tavares.
10:33 of 2nd period - Stopped by Stuart Skinner with a rebound.
10:58 of 2nd period - Slapshot by Chandler Stephenson.
10:58 of 2nd period - Deflect By Alex Killorn.
10:58 of 2nd period - Shot Misses the Net.
10:58 of 2nd period - Puck is out of play.
10:59 of 2nd period - Ryan Nugent-Hopkins wins face-off versus Chandler Stephenson in Minnesota North Stars zone.
10:59 of 2nd period - Ryan Nugent-Hopkins is hit by Esa Lindell.
11:25 of 2nd period - Joshua Morrissey is hit by Jamie Oleksiak and loses puck.
11:32 of 2nd period - Jamie Oleksiak is hit by Chandler Stephenson and loses puck.
11:43 of 2nd period - Snap shot by Alex Killorn.
11:43 of 2nd period - Shot Misses the Net.
12:03 of 2nd period - Derick Brassard is hit by Esa Lindell and loses puck.
12:20 of 2nd period - Snap shot by Teuvo Teravainen.
12:20 of 2nd period - Shot Blocked by Jamie Oleksiak.
12:22 of 2nd period - Slapshot by Josh Manson.
12:22 of 2nd period - Stopped by Stuart Skinner with a rebound.
12:24 of 2nd period - Snap shot by Alex Killorn.
12:24 of 2nd period - Goal by Alex Killorn - Minnesota North Stars : 1 - Anaheim Ducks : 1.
12:25 of 2nd period - John Tavares wins face-off versus Ryan Nugent-Hopkins in neutral zone.
12:38 of 2nd period - Slapshot by Ryan Nugent-Hopkins.
12:38 of 2nd period - Stopped by James Reimer with a rebound.
12:40 of 2nd period - Snap shot by Ryan Nugent-Hopkins.
12:40 of 2nd period - Shot Misses the Net.
12:42 of 2nd period - Snap shot by Sean Durzi.
12:42 of 2nd period - Stopped by James Reimer without a rebound.
12:43 of 2nd period - Evgeni Malkin wins face-off versus J.T. Compher in Anaheim Ducks zone.
12:44 of 2nd period - Snap shot by Frank Vatrano.
12:44 of 2nd period - Shot Misses the Net.
12:46 of 2nd period - Snap shot by Zach Parise.
12:46 of 2nd period - Shot Misses the Net.
12:48 of 2nd period - Slapshot by Sean Durzi.
12:48 of 2nd period - Shot Blocked by Max Domi.
12:50 of 2nd period - Backhand shot by Frank Vatrano.
12:50 of 2nd period - Stopped by James Reimer with a rebound.
12:52 of 2nd period - Snap shot by Sean Durzi.
12:52 of 2nd period - Shot Misses the Net.
12:54 of 2nd period - Slapshot by Evgeni Malkin.
12:54 of 2nd period - Shot Misses the Net.
13:10 of 2nd period - Brock Nelson is hit by Josh Manson and loses puck.
13:19 of 2nd period - Snap shot by William Nylander.
13:19 of 2nd period - Stopped by Stuart Skinner without a rebound.
13:20 of 2nd period - Nazem Kadri wins face-off versus Evgeni Malkin in Minnesota North Stars zone.
13:27 of 2nd period - Wrist shot by Nazem Kadri.
13:27 of 2nd period - Stopped by Stuart Skinner with a rebound.
13:55 of 2nd period - Slapshot by Mark Scheifele.
13:55 of 2nd period - Shot Blocked by Brandon Montour.
14:04 of 2nd period - Icing by Jeff Skinner.
14:05 of 2nd period - Chandler Stephenson wins face-off versus Brock Nelson in Minnesota North Stars zone.
14:32 of 2nd period - Slapshot by Ryan Nugent-Hopkins.
14:32 of 2nd period - Stopped by James Reimer with a rebound.
14:37 of 2nd period - Off-side.
14:38 of 2nd period - Evgeni Malkin wins face-off versus John Tavares in neutral zone.
15:08 of 2nd period - Minor Penalty to Morgan Rielly for Cross-checking.
15:09 of 2nd period - Jack Hughes wins face-off versus Chandler Stephenson in Anaheim Ducks zone.
15:19 of 2nd period - Wrist shot by Jeff Skinner.
15:19 of 2nd period - Shot Misses the Net.
17:03 of 2nd period - Gustav Forsling is hit by Josh Manson and loses puck.
17:08 of 2nd period - Penalty to Morgan Rielly is over, Morgan Rielly is back on ice.
17:14 of 2nd period - Snap shot by Morgan Rielly.
17:14 of 2nd period - Stopped by Stuart Skinner with a rebound.
17:16 of 2nd period - Snap shot by Max Domi.
17:16 of 2nd period - Deflect By Morgan Rielly.
17:16 of 2nd period - Shot Misses the Net.
17:16 of 2nd period - Puck is out of play.
17:17 of 2nd period - John Tavares wins face-off versus Adam Lowry in Minnesota North Stars zone.
17:29 of 2nd period - Off-side.
17:30 of 2nd period - John Tavares wins face-off versus Zach Parise in neutral zone.
18:18 of 2nd period - Wrist shot by Frank Vatrano.
18:18 of 2nd period - Stopped by James Reimer with a rebound.
18:26 of 2nd period - Wrist shot by Evgeni Malkin.
18:26 of 2nd period - Stopped by James Reimer with a rebound.
18:28 of 2nd period - Wrist shot by Sean Durzi.
18:28 of 2nd period - Shot Misses the Net.
18:36 of 2nd period - Slapshot by Joshua Morrissey.
18:36 of 2nd period - Shot Blocked by Sean Durzi.
19:34 of 2nd period - Minor Penalty to Frank Vatrano for Holding.
19:35 of 2nd period - John Tavares wins face-off versus Jonathan Toews in Minnesota North Stars zone.
Goals for this period are 0 for Minnesota North Stars vs 1 for Anaheim Ducks.
Shots for this period are 11 for Minnesota North Stars vs 10 for Anaheim Ducks.
3rd period
0:01 of 3rd period - Adam Lowry wins face-off versus John Tavares in neutral zone.
0:04 of 3rd period - Joshua Morrissey is hit by Zach Parise and loses puck.
1:34 of 3rd period - Penalty to Frank Vatrano is over, Frank Vatrano is back on ice.
1:43 of 3rd period - Wrist shot by Max Domi.
1:43 of 3rd period - Shot Misses the Net.
2:11 of 3rd period - Backhand shot by Nazem Kadri.
2:11 of 3rd period - Shot Misses the Net.
2:13 of 3rd period - Snap shot by Nazem Kadri.
2:13 of 3rd period - Shot Blocked by Gustav Forsling.
2:30 of 3rd period - Brayden Schenn is hit by Frank Vatrano and loses puck.
2:54 of 3rd period - Sean Durzi is hit by Alex Killorn and loses puck.
3:51 of 3rd period - Icing by Rasmus Dahlin.
3:52 of 3rd period - Evgeni Malkin wins face-off versus Mark Scheifele in Minnesota North Stars zone.
4:10 of 3rd period - Wrist shot by Teuvo Teravainen.
4:10 of 3rd period - Stopped by Stuart Skinner without a rebound.
4:11 of 3rd period - John Tavares wins face-off versus Evgeni Malkin in Minnesota North Stars zone.
4:38 of 3rd period - Evan Rodrigues is hit by Teuvo Teravainen and loses puck.
6:21 of 3rd period - Snap shot by Jack Hughes.
6:21 of 3rd period - Deflect By Nazem Kadri.
6:21 of 3rd period - Stopped by James Reimer without a rebound.
6:22 of 3rd period - Nazem Kadri wins face-off versus Jack Hughes in Anaheim Ducks zone.
6:48 of 3rd period - Jamie Oleksiak is hit by Esa Lindell and loses puck.
7:09 of 3rd period - Wrist shot by Viktor Arvidsson.
7:09 of 3rd period - Shot Misses the Net.
7:11 of 3rd period - Snap shot by Viktor Arvidsson.
7:11 of 3rd period - Shot Blocked by Mason Marchment.
7:13 of 3rd period - Wrist shot by Jack Hughes.
7:13 of 3rd period - Shot Misses the Net.
7:15 of 3rd period - Slapshot by Rasmus Dahlin.
7:15 of 3rd period - Deflect By Evan Rodrigues.
7:15 of 3rd period - Stopped by James Reimer with a rebound.
7:17 of 3rd period - Snap shot by Evan Rodrigues.
7:17 of 3rd period - Stopped by James Reimer without a rebound.
7:18 of 3rd period - John Tavares wins face-off versus Ryan Nugent-Hopkins in Anaheim Ducks zone.
7:18 of 3rd period - John Tavares is hit by Ryan Nugent-Hopkins.
7:30 of 3rd period - Slapshot by Josh Manson.
7:30 of 3rd period - Deflect By Brock Nelson.
7:30 of 3rd period - Stopped by Stuart Skinner without a rebound.
7:31 of 3rd period - Ryan Nugent-Hopkins wins face-off versus John Tavares in Minnesota North Stars zone.
8:18 of 3rd period - Wrist shot by Jonathan Toews.
8:18 of 3rd period - Stopped by James Reimer without a rebound.
8:19 of 3rd period - Adam Lowry wins face-off versus J.T. Compher in Anaheim Ducks zone.
8:27 of 3rd period - Wrist shot by Adam Lowry.
8:27 of 3rd period - Stopped by James Reimer without a rebound.
8:28 of 3rd period - Ryan Nugent-Hopkins wins face-off versus Mark Scheifele in Anaheim Ducks zone.
8:35 of 3rd period - Ryan Nugent-Hopkins is hit by Josh Manson and loses puck.
9:14 of 3rd period - Icing by Rasmus Dahlin.
9:15 of 3rd period - Brayden Schenn wins face-off versus Jack Hughes in Minnesota North Stars zone.
9:28 of 3rd period - Slapshot by Rasmus Dahlin.
9:28 of 3rd period - Stopped by James Reimer with a rebound.
9:34 of 3rd period - Evan Rodrigues is hit by William Nylander and loses puck.
9:45 of 3rd period - Evan Rodrigues is hit by Morgan Rielly and loses puck.
9:52 of 3rd period - Wrist shot by Brayden Schenn.
9:52 of 3rd period - Shot Blocked by Jamie Oleksiak.
9:54 of 3rd period - Slapshot by Morgan Rielly.
9:54 of 3rd period - Deflect By Brayden Schenn.
9:54 of 3rd period - Shot Misses the Net.
9:54 of 3rd period - Puck is out of play.
9:55 of 3rd period - Ryan Nugent-Hopkins wins face-off versus Chandler Stephenson in Minnesota North Stars zone.
10:15 of 3rd period - Minor Penalty to Brandon Montour for Holding.
10:16 of 3rd period - John Tavares wins face-off versus Adam Lowry in Minnesota North Stars zone.
10:50 of 3rd period - Slapshot by Alex Killorn.
10:50 of 3rd period - Deflect By Chandler Stephenson.
10:50 of 3rd period - Shot Misses the Net.
10:50 of 3rd period - Puck is out of play.
10:51 of 3rd period - John Tavares wins face-off versus Jonathan Toews in Minnesota North Stars zone.
10:52 of 3rd period - Wrist shot by William Nylander.
10:52 of 3rd period - Stopped by Stuart Skinner with a rebound.
10:54 of 3rd period - Snap shot by Mark Scheifele.
10:54 of 3rd period - Goal by Mark Scheifele - Minnesota North Stars : 1 - Anaheim Ducks : 2.
10:55 of 3rd period - John Tavares wins face-off versus Ryan Nugent-Hopkins in neutral zone.
11:09 of 3rd period - Josh Manson is hit by Ryan Nugent-Hopkins and loses puck.
12:12 of 3rd period - Wrist shot by Adam Lowry.
12:12 of 3rd period - Shot Blocked by Ivan Provorov.
12:14 of 3rd period - Wrist shot by Jonathan Toews.
12:14 of 3rd period - Stopped by James Reimer without a rebound.
12:15 of 3rd period - John Tavares wins face-off versus Jeff Skinner in Anaheim Ducks zone.
12:23 of 3rd period - Off-side.
12:24 of 3rd period - John Tavares wins face-off versus Ryan Nugent-Hopkins in neutral zone.
12:36 of 3rd period - Slapshot by Ryan Nugent-Hopkins.
12:36 of 3rd period - Stopped by James Reimer with a rebound.
12:41 of 3rd period - Off-side.
12:42 of 3rd period - Evgeni Malkin wins face-off versus Chandler Stephenson in neutral zone.
12:45 of 3rd period - Snap shot by Brandon Montour.
12:45 of 3rd period - Stopped by James Reimer without a rebound.
12:46 of 3rd period - Chandler Stephenson wins face-off versus Evgeni Malkin in Anaheim Ducks zone.
12:55 of 3rd period - Slapshot by Ivan Provorov.
12:55 of 3rd period - Stopped by Stuart Skinner without a rebound.
12:56 of 3rd period - John Tavares wins face-off versus Ryan Nugent-Hopkins in Minnesota North Stars zone.
13:23 of 3rd period - Morgan Rielly is hit by Brandon Montour.
14:13 of 3rd period - Snap shot by Frank Vatrano.
14:13 of 3rd period - Stopped by James Reimer with a rebound.
14:15 of 3rd period - Snap shot by Evgeni Malkin.
14:15 of 3rd period - Shot Blocked by Nazem Kadri.
15:43 of 3rd period - Neal Pionk is hit by Nazem Kadri and loses puck.
16:14 of 3rd period - Snap shot by Evgeni Malkin.
16:14 of 3rd period - Shot Misses the Net.
16:16 of 3rd period - Slapshot by Brandon Montour.
16:16 of 3rd period - Stopped by James Reimer without a rebound.
16:17 of 3rd period - John Tavares wins face-off versus Jack Hughes in Anaheim Ducks zone.
17:10 of 3rd period - Slapshot by Ivan Provorov.
17:10 of 3rd period - Stopped by Stuart Skinner without a rebound.
17:11 of 3rd period - J.T. Compher wins face-off versus Ryan Nugent-Hopkins in Minnesota North Stars zone.
17:25 of 3rd period - Minor Penalty to Brandon Montour for Roughing.
17:26 of 3rd period - John Tavares wins face-off versus Adam Lowry in Minnesota North Stars zone.
17:30 of 3rd period - Wrist shot by William Nylander.
17:30 of 3rd period - Stopped by Stuart Skinner with a rebound.
17:32 of 3rd period - Slapshot by Morgan Rielly.
17:32 of 3rd period - Deflect By Adam Lowry.
17:32 of 3rd period - Stopped by Stuart Skinner without a rebound.
17:33 of 3rd period - Zach Parise wins face-off versus John Tavares in Minnesota North Stars zone.
17:33 of 3rd period - Zach Parise is hit by Mark Scheifele.
18:03 of 3rd period - Wrist shot by Chandler Stephenson.
18:03 of 3rd period - Stopped by Stuart Skinner with a rebound.
18:05 of 3rd period - Snap shot by Teuvo Teravainen.
18:05 of 3rd period - Shot Blocked by Gustav Forsling.
18:07 of 3rd period - Wrist shot by Chandler Stephenson.
18:07 of 3rd period - Shot Misses the Net.
18:09 of 3rd period - Slapshot by Morgan Rielly.
18:09 of 3rd period - Shot Blocked by Gustav Forsling.
18:23 of 3rd period - Wrist shot by Jonathan Toews.
18:23 of 3rd period - Shot Hit the Post.
18:33 of 3rd period - Jamie Oleksiak is hit by Josh Manson and loses puck.
19:25 of 3rd period - Penalty to Brandon Montour is over, Brandon Montour is back on ice.
19:29 of 3rd period - Minnesota North Stars, Stuart Skinner is pulled from the net.
19:31 of 3rd period - Wrist shot by Ryan Nugent-Hopkins.
19:31 of 3rd period - Stopped by James Reimer without a rebound.
19:32 of 3rd period - John Tortorella call a timeout for Minnesota North Stars.
19:32 of 3rd period - Max Domi wins face-off versus Ryan Nugent-Hopkins in Anaheim Ducks zone.
19:37 of 3rd period - Snap shot by Ryan Nugent-Hopkins.
19:37 of 3rd period - Stopped by James Reimer with a rebound.
19:39 of 3rd period - Snap shot by Jeff Skinner.
19:39 of 3rd period - Stopped by James Reimer with a rebound.
Goals for this period are 0 for Minnesota North Stars vs 1 for Anaheim Ducks.
Shots for this period are 14 for Minnesota North Stars vs 9 for Anaheim Ducks.
Back to the Top